Map: Port Aleksander LE

Players

Parecnik

  • Race: Protoss Protoss
  • League: Master
  • Spawn Location: 5:00

ALLMIGHT - Winner!

  • Race: Zerg Zerg
  • League: Grandmaster
  • Spawn Location: 11:00

VOD

Have the link to the VOD?

Description

Time

  • Played on: Feb. 9, 2019, 3:32 a.m.
  • Length: 7:49
Show
View Real Time Build Order
Export as new Build Order

Parecnik Protoss 

Build Orders:  

Get SALT Encoding   

  12  0:01  Probe  
  13  0:13  Probe  
  14  0:20  Pylon  
  14  0:25  Probe  
  15  0:34  Probe  
  15  0:41  Gateway  
  15  0:42  Probe  
  17  0:50  Assimilator  
  17  0:54  Probe  
  18  1:06  Probe  
  19  1:18  Probe  
  19  1:22  Zealot  
  20  1:28  Cybernetics Core  
  20  1:31  Probe  
  23  1:37  Pylon  
  23  1:55  Probe  
  23  1:56  Stalker  
  24  2:05  Pylon  
  24  2:07  Warp Gate  
  26  2:10  Probe  
  27  2:22  Probe  
  28  2:23  Assimilator  
  28  2:27  Adept  
  30  2:31  Shield Battery  
  30  2:38  Probe  
  29  2:56  Robotics Facility  
  29  2:59  Probe  
  29  3:05  Stalker  
  28  3:24  Nexus  
  28  3:27  Probe  
  28  3:43  Probe  
  29  3:53  Immortal  
  29  3:55  Adept  
  35  4:15  Probe  
  36  4:23  Shield Battery  
  36  4:25  Shield Battery  
  36  4:28  Shield Battery  
  36  4:36  Warp Prism  
  38  4:53  Probe x2  
  39  5:07  Probe x2  
  39  5:10  Sentry  
  43  5:18  Immortal  
  43  5:19  Probe x2  
  49  5:31  Probe x2  
  51  5:37  Gateway  
  51  5:39  Pylon  
  49  5:54  Probe  
  48  6:04  Gateway  
  48  6:05  Gateway  
  48  6:09  Probe  
  44  6:33  Zealot  
  46  6:40  Gateway  
  46  6:41  Pylon  
  46  6:45  Pylon  
  46  6:47  Pylon  
  46  6:51  Pylon  
  44  7:00  Probe x2  
  41  7:02  Zealot  
  34  7:20  Zealot x2  
Show
View Real Time Build Order
Export as new Build Order

ALLMIGHT Zerg - Winner!

Build Orders: Hatch First 

Get SALT Encoding   

  12  0:02  Drone  
  13  0:13  Overlord  
  13  0:18  Drone  
  14  0:31  Drone x2  
  16  0:36  Drone  
  17  0:54  Drone  
  17  0:56  Drone  
  19  0:57  Extractor  
  18  1:12  Drone  
  19  1:23  Hatchery  
  19  1:25  Drone  
  19  1:26  Spawning Pool  
  19  1:31  Drone  
  19  1:46  Drone  
  20  1:53  Drone  
  21  2:12  Metabolic Boost  
  21  2:14  Overlord  
  21  2:26  Queen  
  21  2:27  Hatchery  
  22  2:35  Zergling x2  
  23  2:48  Zergling x6  
  26  2:58  Hatchery  
  25  3:06  Zergling x2  
  25  3:12  Zergling x2  
  27  3:20  Zergling x2  
  28  3:40  Queen  
  29  3:41  Drone  
  30  3:53  Zergling x8  
  33  4:04  Drone x2, Spine Crawler  
  34  4:12  Hatchery  
  34  4:14  Zergling x4  
  34  4:20  Drone, Spine Crawler  
  34  4:21  Queen  
  34  4:22  Spine Crawler  
  35  4:26  Overlord  
  35  4:27  Overlord  
  35  4:33  Spine Crawler  
  34  4:40  Spine Crawler  
  34  4:45  Zergling x4  
  35  4:50  Spine Crawler  
  35  5:05  Hatchery  
  32  5:24  Zergling x10  
  32  5:25  Zergling x8  
  32  5:26  Zergling x2  
  39  5:31  Zergling x2  
  40  5:39  Zergling x6  
  40  5:42  Zergling x2  
  42  5:49  Zergling x4  
  38  6:09  Zergling x8  
  40  6:23  Queen, Zergling x2  
  39  6:34  Zergling x12  
  45  6:40  Zergling x4  
  46  6:59  Zergling x2  
  47  7:03  Zergling x2  
  43  7:20  Zergling x16  
Tags
 
Add a new tag
Caveats
  • Supply blocks, unpowered buildings, or Contaminate may cause inaccurate times.
  • Supply counts are checked every 10 seconds.